 Dungeon Crawl Stone Soup version 0.24-a0-228-g05560da (webtiles) character file.

Game seed: 6805212534611879434

221835 Mgcat the Stormcaller (level 19, -3/118 HPs)
             Began as a Tengu Air Elementalist on Mar 29, 2019.
             Was the Champion of Vehumet.
             Shot with a bolt by a naga sharpshooter (13 damage)
             ... led by Vashnia
             ... on level 4 of the Snake Pit on Apr 1, 2019.
             The game lasted 02:42:49 (51996 turns).

Mgcat the Stormcaller (Tengu Air Elementalist)     Turns: 51996, Time: 02:42:50

Health: -3/118     AC: 22    Str: 14    XL:     19   Next: 21%
Magic:  8/36       EV: 18    Int: 26    God:    Vehumet [******]
Gold:   1527       SH:  7    Dex: 18    Spells: 9/43 levels left

rFire    . . .     SeeInvis +   a - +9 broad axe (freeze)
rCold    + + .     Gourm    +   r - +2 buckler
rNeg     . . .     Faith    .   x - +7 ring mail "Pafiew" {*Contam rPois Slay+5 Stlth+}
rPois    +         Spirit   .   w - +2 hat {SInv}
rElec    +         Reflect  .   v - +2 cloak
rCorr    .         Harm     .   F - +2 pair of gloves
MR       ++...                  (boots unavailable)
Stlth    ++++......             S - amulet of Xom's Flight of Fancy {Gourm rElec rPois rC+ Stlth+}
HPRegen  0.29/turn              H - ring "Yczojumno" {+Inv rC+ MR+ Int+4 Dex+2}
MPRegen  0.25/turn              n - +5 ring of strength

@: lethally poisoned (-3 -> -3), flying quickly and evasively, quick
A: beak, talons 3, able to fly
}: 1/15 runes: decaying
a: Stop Flying, Renounce Religion, Evoke Invisibility


You were on level 4 of the Snake Pit.
You worshipped Vehumet.
Vehumet was exalted by your worship.
You were not hungry.

You visited 6 branches of the dungeon, and saw 32 of its levels.
You also visited: Sewer and Ice Cave.

You collected 3293 gold pieces.
You spent 1766 gold pieces at shops.

Inventory:

Hand Weapons
 a - a +9 broad axe of freezing (weapon)
   (You found it on level 1 of the Swamp)
Missiles
 q - 2 throwing nets {=f, !d}
Armour
 r - a +2 buckler (worn)
   (You took it off a kobold on level 2 of the Dungeon)
 v - a +2 cloak (worn)
   (You found it on level 3 of the Dungeon)
 w - a +2 hat of see invisible (worn)
   (You took it off Gastronok on level 1 of the Orcish Mines)
 x - the +7 ring mail "Pafiew" (worn) {*Contam rPois Slay+5 Stlth+}
   (You found it on level 5 of the Dungeon)

   It affects your accuracy and damage with ranged weapons and melee attacks
   (+5).
   It protects you from poison.
   It causes magical contamination when unequipped.
   It makes you more stealthy.
 F - a +2 pair of gloves (worn)
   (You found it on level 6 of the Dungeon)
Magical Staves
 b - an uncursed staff of conjuration {!a}
   (You found it on level 3 of the Lair of Beasts)
Jewellery
 d - an uncursed ring of wizardry {Wiz+, !d}
   (You found it on level 10 of the Dungeon)
 i - an uncursed ring of protection from cold {rC+, !d}
   (You found it on level 5 of the Dungeon)
 n - a +5 ring of strength (right hand)
   (You found it on level 4 of the Dungeon)
 u - an uncursed ring of protection from fire {rF+, !d}
   (You found it on level 3 of the Lair of Beasts)
 H - the ring "Yczojumno" (left hand) {+Inv rC+ MR+ Int+4 Dex+2}
   (You bought it in a shop on level 9 of the Dungeon)

   [ring of protection from magic]

   It affects your intelligence (+4).
   It affects your dexterity (+2).
   It protects you from cold.
   It affects your resistance to hostile enchantments.
   It lets you turn invisible.
 Q - an uncursed ring of positive energy {rN+}
   (You found it on level 6 of the Lair of Beasts)
 R - an uncursed ring of protection from magic {MR+, !d}
   (You found it on level 6 of the Lair of Beasts)
 S - the amulet of Xom's Flight of Fancy (around neck) {Gourm rElec rPois rC+ Stlth+}
   (You bought it in a shop on level 9 of the Dungeon)

   [amulet of the gourmand]

   It allows you to eat raw meat even when not hungry.
   It protects you from cold.
   It insulates you from electricity.
   It protects you from poison.
   It makes you more stealthy.
Wands
 y - a wand of acid (20)
   (You found it on level 2 of the Swamp)
 A - a wand of clouds (4)
   (You found it on level 8 of the Dungeon)
 U - a wand of iceblast (12)
   (You took it off Nessos on level 15 of the Dungeon)
 X - a wand of digging (3)
   (You found it on level 1 of the Snake Pit)
Scrolls
 f - 8 scrolls of teleportation
 m - 4 scrolls of amnesia
 o - 5 scrolls of fear
 p - 2 scrolls of holy word {!r}
 B - 11 scrolls of identify
 C - 5 scrolls of magic mapping {!r}
 I - 2 scrolls of blinking {!r}
 K - 18 scrolls of remove curse
 T - a scroll of enchant armour
 W - a scroll of summoning
Potions
 e - 8 potions of mutation {!q}
 g - 8 potions of brilliance
 h - 20 potions of curing
 j - 10 potions of lignification {!q}
 k - 3 potions of magic
 l - a potion of resistance
 s - 5 potions of cancellation
 t - 2 potions of might
 z - a potion of agility
 D - 4 potions of haste
 O - 5 potions of heal wounds
 V - a potion of berserk rage {!q}
Miscellaneous
 E - a lightning rod (4/4)
   (You found it on level 1 of the Lair of Beasts)
 L - a crystal ball of energy
   (You found it on level 3 of the Lair of Beasts)
Comestibles
 c - 24 rations


   Skills:
 + Level 12.6 Fighting
 + Level 8.6 Axes
 - Level 7.0 Armour
 - Level 7.0 Dodging
 - Level 2.0 Stealth
 - Level 4.0 Shields
 + Level 12.9 Spellcasting
 + Level 17.1 Conjurations
 + Level 13.5 Fire Magic
 + Level 11.0 Ice Magic
 + Level 17.4 Air Magic
 - Level 5.0 Evocations


You had 9 spell levels left.
You knew the following spells:

 Your Spells              Type           Power        Failure   Level  Hunger
a - Orb of Destruction    Conj           #######...   1%          7    ######.
b - Bolt of Fire          Conj/Fire      #######...   1%          6    #####..
c - Airstrike             Air            #######...   1%          4    None
d - Lightning Bolt        Conj/Air       #######...   1%          5    ###....
e - Conjure Ball Lightni  Conj/Air       #######...   1%          6    #####..
f - Freezing Cloud        Conj/Ice/Air   #######...   1%          6    #####..

Your spell library contained the following spells:

 Spells                   Type           Power        Failure   Level  Hunger
 Tornado                  Air            #######...   75%         9    #######
 Fire Storm               Conj/Fire      #######...   94%         9    #######
 Shatter                  Erth           ###.......   100%        9    #######
 Magic Dart               Conj           ####         0%          1    None
 Shock                    Conj/Air       ####         0%          1    None
 Searing Ray              Conj           ######       0%          2    None
 Static Discharge         Conj/Air       #######.     0%          3    None
 Swiftness                Chrm/Air       ######..     1%          2    None
 Dazzling Spray           Conj/Hex       ######       1%          3    None
 Inner Flame              Hex/Fire       ######..     1%          3    None
 Force Lance              Conj/Tloc      ######..     1%          4    None
 Fulminant Prism          Conj/Hex       ######....   1%          4    None
 Iskenderun's Mystic Bla  Conj           #######.     1%          4    None
 Apportation              Tloc           ###...       6%          1    None
 Confusing Touch          Hex            ###...       6%          1    None
 Corona                   Hex            ###....      6%          1    None
 Blink                    Tloc           N/A          10%         2    None
 Shroud of Golubria       Chrm/Tloc      ###.......   10%         2    None
 Slow                     Hex            ###.....     10%         2    None
 Confuse                  Hex            ###.....     19%         3    None
 Gell's Gravitas          Tloc           ###.......   19%         3    None
 Lesser Beckoning         Tloc           ###.......   19%         3    None
 Portal Projectile        Hex/Tloc       ###...       19%         3    None
 Recall                   Summ/Tloc      N/A          19%         3    None
 Teleport Other           Tloc           ###.....     19%         3    None
 Metabolic Englaciation   Hex/Ice        #####.....   19%         5    ###....
 Yara's Violent Unravell  Hex/Tmut       ###.......   41%         5    ###....
 Cause Fear               Hex            ###.......   54%         4    None
 Leda's Liquefaction      Hex/Erth       ###.......   54%         4    None
 Passage of Golubria      Tloc           N/A          54%         4    None
 Petrify                  Tmut/Erth      ###.....     54%         4    None


Dungeon Overview and Level Annotations

Branches:
Dungeon (15/15)            Temple (1/1) D:4            Lair (6/6) D:8
  Swamp (4/4) Lair:4        Snake (4/4) Lair:2        Slime (0/5) Lair:5
    Orc (2/2) D:11            Elf (0/3) Orc:2        Vaults (0/5) D:13
 Depths (0/5) D:15

Altars:
Ashenzari
Cheibriados
Dithmenos
Elyvilon
Fedhas
Gozag
Hepliaklqana
Kikubaaqudgha
Makhleb
Nemelex Xobeh
Okawaru
Qazlal
Ru
Sif Muna
Trog
Uskayaw
Vehumet
Wu Jian
Xom
Yredelemnul
Zin
The Shining One
Beogh
Jiyva

Shops:
D:6 (?   D:8 [   D:9 =   D:12 ?(*(?   D:13 *   D:15 (   Orc:1 *   Orc:2 :*[(
Snake:4 !%%?

Annotations:
D:4 2 runed translucent doors, Borgoz's ghost, amateur KoGl; Sigmund
D:8 2 transporters, Ijustatesigmund's ghost, novice OpFi
D:11 Nice start, buit hybrid with armor +3 in conj and air can lead to lv9 in cha
Lair:4 2 runed translucent doors, Ratty's ghost, journeyman MiMo
Snake:2 5 transporters
Snake:4 3 runed translucent doors, 1 exclusion, Lufyqa Hiru's ghost, adept MfIE; Ukkirph's ghost, journeyman FeAr; Xumikusu's ghost, adept MiBe


Innate Abilities, Weirdness & Mutations

You have a beak for a mouth.
You have claws for feet.
You can fly continuously.


Message History

The mana viper is severely wounded.
The mana viper is no longer moving slowly.
You block the mana viper's attack. The naga mage casts a spell at you.
The bolt of poison hits the mana viper!
The bolt of poison misses you.
Warning x2: The naga mage can cast IMB and Poison Arrow!
The mana viper is fast and has an antimagic bite!
You block the mana viper's attack.
Warning x2: The naga mage can cast IMB and Poison Arrow!
The mana viper is fast and has an antimagic bite!
You slash the mana viper! You freeze the mana viper.
You kill the mana viper!
Vehumet accepts your kill.
You feel your power returning.
You regained 3 mp, and now have 7/36 mp.
You block the naga mage's attack. The naga mage closely misses you.
Spoiler Alert: The naga mage can cast IMB and Poison Arrow!
You slash the naga mage! You freeze the naga mage. You claw the naga mage.
The naga mage is almost dead.
You block the naga mage's attack. The naga mage closely misses you.
The naga mage hits you with a +0 flail.
* * * LOW HITPOINT WARNING * * *
You block the naga mage's attack.
You take 5 damage, and have 33/118 hp.
Spoiler Alert: The naga mage can cast IMB and Poison Arrow!
Casting: Bolt of Fire (safe; 1% risk of failure)
Confirm with . or Enter, or press ? or * to list all spells.
Aiming: Bolt of Fire (safe; 1% risk of failure)
Press: ? - help, Shift-Dir - straight line, f/p - naga mage
Aim: a naga mage, wielding a +0 flail (almost dead, fast)
The bolt of fire hits the naga mage!!
You kill the naga mage!
Vehumet accepts your kill.
You feel your power returning.
You hear a shout!
You now have 5/36 mp.
Things that are here:
a +0 flail; a naga corpse You start resting.
A naga sharpshooter comes into view. It is wielding a +0 flail.
Spoiler Alert: The naga sharpshooter can shoot you with portal projectiles!
Unknown command.
Unknown command.
Unknown command.
The naga sharpshooter spits poison at you.
The splash of poison hits you.
You are poisoned.
You resist.
* * * LOW HITPOINT WARNING * * *
Things that are here:
a +0 flail; a naga corpse Spoiler Alert: The naga sharpshooter can shoot you with portal projectiles!
Unknown command.
Unknown command.
You feel much better.
You feel sick.
The naga sharpshooter unwields a +0 flail.
The naga sharpshooter wields a +2 arbalest of velocity.
The naga sharpshooter shoots a bolt.
The bolt hits you but does no damage.
You regained 23 hp, and now have 58/118 hp.
Spoiler Alert: The naga sharpshooter can shoot you with portal projectiles!
Evoke which item? (* to show all) (? for menu, Esc to quit)
You reach into the bag... ...and things crawl out!
The naga sharpshooter evades a web.
The now-empty bag unravels in your hand.
You feel sick.
The naga sharpshooter gestures wildly while chanting.
The naga sharpshooter magically shoots a bolt.
The bolt hits you!!
* * * LOW HITPOINT WARNING * * *
You take 24 damage, and have 34/118 hp.
MASSIVE DAMAGE!!
Spoiler Alert: The naga sharpshooter can shoot you with portal projectiles!
Unknown command.
Unknown command.
Unknown command.
Unknown command.
You closely miss the naga sharpshooter. You peck the naga sharpshooter.
The naga sharpshooter is lightly wounded.
The naga sharpshooter casts a spell.
The naga sharpshooter magically shoots a bolt.
You block the bolt.
Spoiler Alert: The naga sharpshooter can shoot you with portal projectiles!
Unknown command.
Unknown command.
Unknown command.
You closely miss the naga sharpshooter. You claw the naga sharpshooter!
The naga sharpshooter is moderately wounded.
You feel sick.
The naga sharpshooter gestures wildly while chanting.
The naga sharpshooter magically shoots a bolt.
The bolt hits you!!
* * * LOW HITPOINT WARNING * * *
x2 Unknown command.
You take 25 damage, and have 10/118 hp.
MASSIVE DAMAGE!!
Spoiler Alert: The naga sharpshooter can shoot you with portal projectiles!
Unknown command.
Unknown command.
You hit the naga sharpshooter. You freeze the naga sharpshooter.
You claw the naga sharpshooter! You peck the naga sharpshooter.
The naga sharpshooter is heavily wounded.
Your worker ant bites the naga sharpshooter but does no damage.
The naga sharpshooter shoots a bolt.
The bolt hits you!
You die...

####.%...#.#............##.##..#
##N(.#####...#...........#.....#
...(...)######..............##.#
.○..%...# ##########+++###*.#*
.....(..# *♣W......♣*.#*
%.)..%.)############⌠.......⌠#.#*
...N.)(....N.......#♣.......♣#..,
.....)..####.##.##.#=.......?*##*
#####...# ##.#.a@a.##8.....8##
#%..###....N######}$8$?##* **
#...#...#.#.#..).#******,* ,*
#.....###.(.(..)..,,,,,,,* ,**
#.#%.#..(....###.N,,,,,,,* ,,*
#...........##**,,,,,,,,,* ,,*
#.........###,,,,,,,,,,,,*
,,**#...........,,,,,,,,,,,,,*
,,,*#.............,,,,,,,,****


You could see a naga sharpshooter, a friendly soldier ant and a friendly worker
ant.

Vanquished Creatures
  Vashnia (Snake:4)
  Jorgrun (Swamp:3)
  Gastronok (Orc:1)
  Agnes (Snake:4)
  5 thorn hunters
  Donald (Snake:2)
  2 nagarajas
  A frost giant (IceCv)
  Aizul (Swamp:4)
  2 orc warlords (Orc:2)
  Nessos (D:15)
  Azrael (Snake:2)
  A dire elephant (shapeshifter) (D:15)
  2 vault guards (D:13)
  Fannar (Lair:3)
  27 hydras
  4 shambling mangroves
  4 naga warriors
  A catoblepas (Lair:4)
  4 centaur warriors
  21 alligators
  2 ghost crabs
  13 two-headed ogres
  11 death yaks
  6 anacondas
  An ogre mage (D:15)
  2 tengu warriors
  Urug (Lair:3)
  Sonja (Lair:3)
  14 naga sharpshooters
  5 shock serpents
  An orc high priest (Orc:2)
  A spriggan druid (Swamp:2)
  2 unseen horrors
  3 wizards
  3 naga ritualists
  13 skeletal warriors
  10 swamp dragons
  3 lindwurms (Swamp:4)
  A phantasmal warrior (D:15)
  A tengu zombie (D:15)
  4 orc knights (Orc:2)
  8 mana vipers
  A fire giant zombie (D:15)
  A necromancer (D:15)
  A wolf spider zombie (D:15)
  A wolf spider (Lair:6)
  A shadow dragon skeleton (D:15)
  3 deep elf magi
  4 orc sorcerers (Orc:2)
  A moth of wrath (Swamp:4)
  2 manticores
  3 salamanders
  11 ugly things
  5 oklob plants
  A cyclops (D:15)
  5 guardian serpents
  32 black mambas
  5 elephants (Lair:4)
  12 naga magi
  2 rime drakes
  An ice statue (IceCv)
  3 torpor snails
  A centaur skeleton (D:14)
  18 spiny frogs
  8 komodo dragons
  2 ice devils (D:13)
  2 tengu conjurers
  A queen bee (Lair:3)
  5 trolls
  6 meliai
  18 polar bears
  Grinder (D:4)
  2 bog bodies
  22 tyrant leeches
  8 blink frogs
  19 hornets
  A harpy skeleton (D:15)
  17 slime creatures
  10 hippogriffs
  3 shadows
  2 redbacks (Lair:6)
  A vampire (D:15)
  14 wyverns
  A wraith (D:10)
  20 humans (D:13)
  A spriggan (Swamp:4)
  63 yaks
  2 fire elementals (Snake:2)
  Grum (D:10)
  A spriggan skeleton (D:15)
  2 basilisks (Lair:1)
  5 hungry ghosts
  3 fire bats (Lair:6)
  12 vampire mosquitoes
  Menkaure (D:5)
  33 nagas
  14 swamp worms
  5 wargs
  An acid dragon (D:15)
  4 insubstantial wisps (Swamp:2)
  22 water moccasins
  5 hell hounds (Snake:2)
  20 orc warriors
  2 black bears
  4 porcupines
  9 swamp drakes
  A necrophage (D:6)
  3 sky beasts
  4 ice beasts
  16 centaurs
  41 wolves
  4 phantoms
  9 ogres
  11 crocodiles
  25 bullfrogs
  3 big kobolds
  Blork the orc (D:4)
  A gnoll sergeant (D:12)
  A wyvern skeleton (D:10)
  A water moccasin zombie (D:7)
  2 scorpions
  25 killer bees
  5 wights (D:6)
  An electric eel (Lair:4)
  7 howler monkeys
  5 crimson imps
  3 centaur zombies
  A quasit (D:6)
  A lava snake (Snake:2)
  A bullfrog zombie (D:12)
  3 jellies
  14 orc priests
  3 bullfrog skeletons
  2 gnoll shamans
  9 hounds
  18 orc wizards
  6 iguanas
  Natasha (thrice) (D:4)
  12 worker ants
  3 big kobold zombies (Sewer)
  A hound skeleton (D:4)
  2 worker ant zombies
  A howler monkey zombie (D:7)
  A howler monkey skeleton (D:8)
  12 gnolls
  26 adders
  6 shadow imps
  3 ufetubi (Sewer)
  3 oozes
  2 adder zombies
  An adder skeleton (D:4)
  4 worms
  5 dart slugs
  4 leopard geckos
  51 orcs
  9 giant cockroaches
  10 goblins
  2 hobgoblins
  11 jackals
  3 quokkas
  A ball python (D:3)
  12 bats
  3 frilled lizards
  24 kobolds
  A kobold zombie (Sewer)
  A leopard gecko skeleton (D:7)
  A quokka skeleton (D:4)
  8 rats
  7 briar patches
  2 butterflies
  4 fungi
  4 plants
1146 creatures vanquished.

Vanquished Creatures (collateral kills)
  A ball lightning (Lair:4)
1 creature vanquished.

Vanquished Creatures (others)
  307 ball lightnings
  An orc (D:9)
  A briar patch (Swamp:2)
  25 fungi
  40 plants
  14 withered plants (D:15)
388 creatures vanquished.

Grand Total: 1535 creatures vanquished

Notes
Turn   | Place    | Note
-------+----------+-------------------------------------------
     0 | D:1      | Mgcat the Tengu Air Elementalist began the quest for the
                  | Orb.
     0 | D:1      | Reached XP level 1. HP: 10/10 MP: 4/4
   158 | D:1      | Reached skill level 2 in Conjurations
   158 | D:1      | Reached XP level 2. HP: 14/15 MP: 0/6
   608 | D:2      | Reached XP level 3. HP: 19/19 MP: 3/7
   780 | D:2      | Learned a level 3 spell: Static Discharge
  1877 | D:3      | Reached XP level 4. HP: 23/24 MP: 6/9
  1897 | D:3      | Reached skill level 3 in Conjurations
  1897 | D:3      | Reached skill level 5 in Air Magic
  2030 | D:3      | Reached skill level 1 in Shields
  2731 | D:3      | Gained mutation: You can fly continuously. [Tengu growth]
  2731 | D:3      | Reached XP level 5. HP: 28/28 MP: 6/10
  2994 | D:4      | Learned a level 4 spell: Airstrike
  3042 | D:4      | Found a staircase to the Ecumenical Temple.
  3044 | D:4      | Noticed Grinder
  3049 | D:4      | Noticed Natasha
  3051 | Temple   | Entered the Ecumenical Temple
  3142 | Temple   | Became a worshipper of Vehumet
  3314 | D:4      | Reached skill level 3 in Spellcasting
  3324 | D:4      | Noticed Sigmund
  3364 | D:4      | Noticed an ogre
  3382 | D:4      | HP: 2/28 [ogre/+0 giant spiked club (23)]
  3384 | D:4      | Killed an ogre
  3384 | D:4      | Reached skill level 4 in Conjurations
  3392 | D:4      | Found a glowing drain.
  3401 | Sewer    | Entered a sewer
  3551 | Sewer    | Reached XP level 6. HP: 32/32 MP: 4/12
  3629 | Sewer    | Reached skill level 2 in Shields
  3811 | Sewer    | Found an ancient bone altar of Kikubaaqudgha.
  3844 | Sewer    | Reached * piety under Vehumet
  3844 | Sewer    | Offered knowledge of Sandblast by Vehumet.
  3844 | Sewer    | Reached skill level 6 in Air Magic
  3927 | Sewer    | Reached XP level 7. HP: 29/36 MP: 1/13
  4078 | Sewer    | Reached skill level 3 in Shields
  4078 | Sewer    | Reached skill level 4 in Spellcasting
  4078 | Sewer    | Reached skill level 5 in Conjurations
  4101 | Sewer    | HP: 13/54 [poison (poison gas)]
  4469 | Sewer    | Learned a level 5 spell: Lightning Bolt
  4475 | D:4      | Killed Natasha
  4539 | D:4      | Killed Grinder
  4638 | D:4      | Reached skill level 7 in Air Magic
  4726 | D:4      | Found a shadowy altar of Dithmenos.
  4766 | D:4      | Reached XP level 8. HP: 41/41 MP: 9/15
  4855 | D:4      | Found a runed translucent door.
  4861 | D:4      | Noticed Borgoz's ghost (amateur KoGl)
  4953 | D:4      | Found a runed translucent door.
  5001 | D:4      | Noticed Natasha
  5003 | D:4      | Killed Natasha
  5015 | D:4      | Noticed Natasha
  5021 | D:4      | Killed Natasha
  5021 | D:4      | Reached skill level 6 in Conjurations
  5181 | D:4      | Noticed Blork the orc
  5198 | D:4      | Killed Blork the orc
  5198 | D:4      | Reached skill level 4 in Shields
  5372 | D:4      | Found a stormy altar of Qazlal.
  5469 | D:5      | Entered Level 5 of the Dungeon
  5627 | D:5      | Reached skill level 5 in Spellcasting
  5670 | D:5      | Noticed Menkaure
  5684 | D:5      | Killed Menkaure
  5919 | D:5      | Reached skill level 7 in Conjurations
  5919 | D:5      | Reached skill level 8 in Air Magic
  6091 | D:5      | Got a heavily runed ring mail
  6093 | D:5      | Identified the +7 ring mail "Pafiew" {*Contam rPois Slay+5
                  | Stlth+} (You found it on level 5 of the Dungeon)
  6390 | D:5      | Reached ** piety under Vehumet
  6625 | D:6      | Found Kiorav's Magic Scroll Shoppe.
  6634 | D:5      | Offered knowledge of Freeze by Vehumet.
  6634 | D:5      | Reached skill level 1 in Armour
  6718 | D:6      | Bought 3 scrolls of enchant weapon for 270 gold pieces
  6776 | D:6      | You are sucked into a shaft for 2 floors!
  6785 | D:8      | Reached skill level 2 in Armour
  6785 | D:8      | Reached XP level 9. HP: 36/45 MP: 14/18
  6988 | D:8      | Reached skill level 8 in Conjurations
  7094 | D:8      | Reached skill level 3 in Armour
  7094 | D:8      | Reached skill level 6 in Spellcasting
  7094 | D:8      | Reached skill level 9 in Air Magic
  7132 | D:8      | Found a staircase to the Lair.
  7174 | D:8      | Found a transporter.
  7176 | D:8      | Noticed Ijustatesigmund's ghost (novice OpFi)
  7214 | D:8      | Found a transporter.
  7392 | D:8      | Offered knowledge of Ignite Poison by Vehumet.
  7399 | D:8      | Learned a level 3 spell: Ignite Poison
  7805 | D:8      | Found Zyadear's Armour Boutique.
  8143 | D:8      | Reached skill level 1 in Fire Magic
  8436 | D:8      | Reached *** piety under Vehumet
  8444 | D:8      | Identified the +6 dire flail of Malaise {crush, *Noise +Inv
                  | SInv}
  8444 | D:8      | Identified the cursed +1 great mace "Fait" {drain, Dex+4}
  8444 | D:8      | Noticed a two-headed ogre
  8475 | D:7      | Reached skill level 1 in Evocations
  8587 | D:7      | Reached skill level 1 in Fighting
  8832 | D:7      | Reached skill level 4 in Armour
  8835 | D:7      | Offered knowledge of Conjure Flame by Vehumet.
  8983 | D:6      | Reached skill level 2 in Fire Magic
  9114 | D:6      | Reached skill level 3 in Dodging
  9122 | D:6      | Reached XP level 10. HP: 51/52 MP: 3/20
  9129 | D:6      | Reached skill level 2 in Evocations
  9138 | D:6      | Reached skill level 9 in Conjurations
  9143 | D:6      | Reached skill level 2 in Fighting
  9335 | D:6      | Reached **** piety under Vehumet
  9344 | D:6      | Found Qudojymu's Weapon Emporium.
  9655 | D:6      | Found a sacrificial altar of Ru.
 10261 | D:8      | HP: 9/53 [yak (12)]
 10437 | D:8      | Reached skill level 3 in Fire Magic
 10563 | D:9      | Offered knowledge of Yara's Violent Unravelling by Vehumet.
 10563 | D:9      | Reached skill level 1 in Axes
 10563 | D:9      | Reached skill level 10 in Air Magic
 10982 | D:9      | Reached skill level 4 in Dodging
 11038 | D:9      | Reached skill level 5 in Armour
 11109 | D:9      | Reached skill level 3 in Fighting
 11109 | D:9      | Reached skill level 3 in Evocations
 11362 | D:9      | Found Dohukiv's Jewellery Shoppe.
 11420 | D:9      | Noticed a two-headed ogre
 11432 | D:9      | Killed a two-headed ogre
 11432 | D:9      | Reached skill level 2 in Axes
 11432 | D:9      | Reached skill level 7 in Spellcasting
 11627 | D:10     | Entered Level 10 of the Dungeon
 11725 | D:10     | Reached skill level 4 in Fire Magic
 11725 | D:10     | Reached XP level 11. HP: 52/60 MP: 12/22
 11864 | D:10     | Reached ***** piety under Vehumet
 11864 | D:10     | Offered knowledge of Freezing Cloud by Vehumet.
 11876 | D:10     | Learned a level 6 spell: Freezing Cloud
 11969 | D:10     | Noticed Grum
 12042 | D:10     | Killed Grum
 12290 | D:10     | Killed an unseen horror
 12290 | D:10     | Reached skill level 3 in Axes
 12290 | D:10     | Reached skill level 1 in Ice Magic
 12493 | D:10     | Reached skill level 4 in Fighting
 12645 | D:10     | Reached skill level 10 in Conjurations
 12647 | D:10     | Reached skill level 5 in Dodging
 13004 | D:11     | Reached skill level 4 in Evocations
 13192 | D:11     | Noticed a two-headed ogre
 13200 | D:11     | Killed a two-headed ogre
 13674 | D:11     | Noticed a seven-headed hydra
 13683 | D:11     | Killed a seven-headed hydra
 13880 | D:11     | Found a staircase to the Orcish Mines.
 14265 | Lair:1   | Entered Level 1 of the Lair of Beasts
 14529 | Lair:1   | Reached skill level 2 in Ice Magic
 14541 | Lair:1   | Reached skill level 5 in Fire Magic
 14728 | Lair:1   | Reached skill level 11 in Air Magic
 14838 | Lair:1   | Noticed a five-headed hydra
 14898 | Lair:1   | Noticed a seven-headed hydra
 14908 | Lair:1   | Killed a five-headed hydra
 14908 | Lair:1   | Reached skill level 4 in Axes
 15103 | Lair:1   | Got a jewelled battleaxe
 15104 | Lair:1   | Identified the cursed +0 battleaxe "Qudoh" {elec, rPois}
                  | (You found it on level 1 of the Lair of Beasts)
 15196 | Lair:1   | Killed a seven-headed hydra
 15196 | Lair:1   | Reached skill level 5 in Fighting
 15196 | Lair:1   | Reached XP level 12. HP: 68/68 MP: 5/24
 15871 | Lair:2   | Found a staircase to the Snake Pit.
 15949 | Lair:2   | Noticed a six-headed hydra
 15997 | Lair:2   | Reached skill level 3 in Ice Magic
 15997 | Lair:2   | Reached skill level 5 in Evocations
 16463 | Lair:2   | Reached skill level 8 in Spellcasting
 16477 | Lair:2   | Reached skill level 6 in Fire Magic
 16503 | Lair:2   | Reached skill level 5 in Axes
 16917 | Lair:2   | Killed a six-headed hydra
 17271 | Lair:3   | Noticed Urug
 17275 | Lair:3   | Killed Urug
 17275 | Lair:3   | Reached skill level 11 in Conjurations
 17276 | Lair:3   | Noticed Sonja
 17277 | Lair:3   | Noticed Fannar
 17643 | Lair:2   | Reached skill level 6 in Fighting
 18087 | Lair:3   | Reached skill level 4 in Ice Magic
 18523 | Lair:3   | Killed Sonja
 18523 | Lair:3   | Offered knowledge of Conjure Ball Lightning by Vehumet.
 18643 | Lair:3   | Reached skill level 12 in Air Magic
 18749 | Lair:3   | Reached XP level 13. HP: 65/75 MP: 20/26
 18750 | Lair:3   | Reached skill level 7 in Fire Magic
 19444 | Lair:3   | Got an ancient robe
 19860 | Lair:3   | Identified the cursed +0 robe "Sotink" {MR+ Str+3 Int-4
                  | SInv} (You found it on level 3 of the Lair of Beasts)
 19921 | Lair:3   | Killed Fannar
 20193 | Lair:4   | Reached skill level 7 in Fighting
 20194 | Lair:4   | Reached skill level 5 in Ice Magic
 20489 | Lair:4   | Reached skill level 12 in Conjurations
 20521 | Lair:4   | Found a staircase to the Swamp.
 20651 | Lair:4   | Reached skill level 9 in Spellcasting
 20881 | Lair:4   | Found a large runed translucent door.
 20881 | Lair:4   | Found a large runed translucent door.
 21073 | Lair:4   | Noticed Ratty's ghost (journeyman MiMo)
 21182 | Lair:4   | Learned a level 6 spell: Conjure Ball Lightning
 21485 | Lair:4   | HP: 12/76 [death yak (11)]
 22080 | Lair:5   | Reached skill level 8 in Fire Magic
 22322 | Lair:5   | Found a viscous altar of Jiyva.
 22329 | Lair:5   | Found a staircase to the Slime Pits.
 22442 | Lair:5   | Offered knowledge of Bolt of Fire by Vehumet.
 22462 | Lair:5   | Learned a level 6 spell: Bolt of Fire
 22750 | Lair:6   | Entered Level 6 of the Lair of Beasts
 22971 | Lair:6   | Reached skill level 13 in Air Magic
 23164 | Lair:6   | Reached XP level 14. HP: 38/83 MP: 25/28
 23310 | Lair:5   | Reached skill level 6 in Ice Magic
 23460 | Lair:6   | Reached skill level 8 in Fighting
 23836 | Lair:6   | HP: 19/84 [seven-headed hydra (9)]
 23836 | Lair:6   | HP: 9/84 [seven-headed hydra (10)]
 24596 | Lair:6   | Reached skill level 6 in Dodging
 24778 | Lair:6   | Reached skill level 6 in Armour
 24781 | Lair:6   | Reached skill level 9 in Fire Magic
 24905 | Lair:6   | Paralysed by a hornet for 2 turns
 25745 | Lair:6   | Reached skill level 13 in Conjurations
 26515 | D:9      | Bought the amulet of Xom's Flight of Fancy {Gourm rElec
                  | rPois rC+ Stlth+} for 696 gold pieces
 27360 | Orc:1    | Entered Level 1 of the Orcish Mines
 27360 | Orc:1    | Noticed Gastronok
 27367 | Orc:1    | Killed Gastronok
 27423 | D:11     | Upgraded the game from 0.24-a0-217-g1152973 to
                  | 0.24-a0-218-ga595e75
 27614 | Orc:1    | Found a roughly hewn altar of Beogh.
 27634 | Orc:1    | Found Yriockycots's Assorted Antiques.
 27798 | Orc:1    | Reached skill level 10 in Spellcasting
 27970 | Orc:2    | Entered Level 2 of the Orcish Mines
 27981 | Orc:2    | Noticed an orc warlord
 28114 | Orc:2    | Found a staircase to the Elven Halls.
 28448 | Orc:2    | Noticed an orc warlord
 28690 | Orc:2    | Reached XP level 15. HP: 74/89 MP: 20/30
 28911 | Orc:2    | Killed an orc warlord
 28911 | Orc:2    | Reached skill level 7 in Dodging
 28911 | Orc:2    | Reached skill level 7 in Ice Magic
 29003 | Orc:2    | Found a roughly hewn altar of Beogh.
 29008 | Orc:2    | Reached skill level 7 in Armour
 29014 | Orc:2    | Killed an orc warlord
 29014 | Orc:2    | Reached skill level 9 in Fighting
 29169 | Orc:2    | Found Booxkygh's Book Shop.
 29175 | Orc:2    | Found Hepsofou's Antique Armour Shop.
 29178 | Orc:2    | Found Vusteg's Antique Weapon Shop.
 29181 | Orc:2    | Found Nogucvyff's General Store.
 29762 | D:9      | Bought the ring "Yczojumno" {+Inv rC+ MR+ Int+4 Dex+2} for
                  | 703 gold pieces
 29837 | D:12     | Found Kufreow's Magic Scroll Boutique.
 29837 | D:12     | Found Luejarer's Weapon Boutique.
 29840 | D:12     | Reached skill level 14 in Air Magic
 30130 | D:12     | Found Honiogan's Assorted Antiques.
 30176 | D:12     | Found a flagged portal.
 30267 | D:12     | Found Qurudaus's Weapon Shop.
 30367 | D:12     | Offered knowledge of Ozocubu's Refrigeration by Vehumet.
 30534 | D:12     | Found Liashre's Magic Scroll Shop.
 30541 | D:12     | Bought a scroll of enchant armour for 97 gold pieces
 30564 | D:12     | Reached skill level 10 in Fire Magic
 31676 | D:13     | Found a frozen archway.
 31693 | IceCv    | Entered an ice cave
 32107 | IceCv    | Reached skill level 14 in Conjurations
 32591 | IceCv    | Offered knowledge of Poison Arrow by Vehumet.
 32701 | IceCv    | Reached ****** piety under Vehumet
 32769 | IceCv    | Noticed a frost giant
 32775 | IceCv    | Killed a frost giant
 32779 | IceCv    | Reached skill level 8 in Ice Magic
 32900 | IceCv    | Identified the Almanac of Twisted Flight
 33319 | D:13     | Found Oscheciu's General Store.
 33703 | D:13     | Identified the +7 quarterstaff of Light {crush, rN+ SInv}
 33707 | D:13     | Reached XP level 16. HP: 95/97 MP: 21/31
 33865 | D:13     | Reached skill level 10 in Fighting
 34142 | D:13     | Found a gate to the Vaults.
 34766 | D:14     | Reached skill level 11 in Spellcasting
 35004 | D:14     | Reached skill level 15 in Air Magic
 35580 | D:15     | Entered Level 15 of the Dungeon
 35717 | D:15     | Found Sakkaf's Antique Weapon Shoppe.
 35755 | D:15     | Reached skill level 11 in Fire Magic
 36113 | D:15     | Offered knowledge of Orb of Destruction by Vehumet.
 36116 | D:15     | Noticed Nessos
 36418 | D:15     | Found a staircase to the Depths.
 36777 | D:15     | Reached skill level 15 in Conjurations
 36981 | D:15     | Learned a level 7 spell: Orb of Destruction
 37336 | D:15     | Killed Nessos
 37728 | D:15     | Reached skill level 9 in Ice Magic
 38512 | Swamp:1  | Entered Level 1 of the Swamp
 38620 | Swamp:1  | Noticed a thorn hunter
 38750 | Swamp:1  | Killed a thorn hunter
 39152 | Swamp:1  | Reached XP level 17. HP: 104/104 MP: 21/33
 39449 | Swamp:1  | Got a sparkling lead ring
 39671 | Swamp:1  | Found a sacrificial altar of Ru.
 39865 | Swamp:1  | Found the +15 Maxwell's patent armour {-Cast -Tele rElec
                  | MR+ rCorr}
 39958 | Swamp:2  | Identified the ring "Luwibeesu" {Ice MR+ Int+4 Dex-2
                  | Slay+2} (You found it on level 1 of the Swamp)
 39962 | Swamp:2  | Reached skill level 11 in Fighting
 40095 | Swamp:1  | Upgraded the game from 0.24-a0-218-ga595e75 to
                  | 0.24-a0-226-gca05e9d
 40134 | Swamp:2  | HP: 23/104 [cloud of freezing vapour (4)]
 40523 | Swamp:2  | Offered knowledge of Iron Shot by Vehumet.
 40845 | Swamp:2  | Reached skill level 12 in Fire Magic
 40901 | Swamp:2  | Reached skill level 16 in Air Magic
 41205 | Swamp:2  | HP: 21/104 [alligator (8)]
 42009 | Swamp:3  | Noticed Jorgrun
 42027 | Swamp:3  | HP: 21/104 [hornet[a shambling mangrove] (12)]
 42600 | Swamp:3  | Killed Jorgrun
 42600 | Swamp:3  | Reached skill level 12 in Spellcasting
 43048 | Swamp:3  | Got a crude plate armour
 43142 | Swamp:3  | Identified the +1 plate armour "Notiuggo" {MR+ Str+3} (You
                  | found it on level 3 of the Swamp)
 43252 | Snake:1  | Entered Level 1 of the Snake Pit
 43685 | Snake:1  | Reached skill level 16 in Conjurations
 43758 | Snake:1  | Reached skill level 6 in Axes
 44241 | Snake:2  | Reached skill level 10 in Ice Magic
 44623 | Snake:1  | Offered knowledge of Fire Storm by Vehumet.
 44623 | Snake:1  | Offered knowledge of Shatter by Vehumet.
 44623 | Snake:1  | Offered knowledge of Tornado by Vehumet.
 44827 | Snake:2  | Noticed Azrael
 44832 | Snake:2  | Killed Azrael
 44938 | Snake:2  | Noticed Donald
 45165 | Snake:2  | Killed Donald
 45165 | Snake:2  | Reached XP level 18. HP: 93/111 MP: 15/35
 45621 | Snake:2  | Found a transporter.
 45635 | Snake:2  | Found a transporter.
 45680 | Snake:2  | Found a transporter.
 45718 | Snake:2  | Found a transporter.
 45719 | Snake:2  | Found a transporter.
 46503 | Snake:3  | Upgraded the game from 0.24-a0-226-gca05e9d to
                  | 0.24-a0-228-g05560da
 46680 | Snake:3  | Reached skill level 7 in Axes
 47518 | Swamp:4  | Entered Level 4 of the Swamp
 47671 | Swamp:4  | Reached skill level 12 in Fighting
 48354 | Swamp:4  | HP: 7/112 [lindwurm/blast of flame (22)]
 48733 | Swamp:3  | Reached skill level 13 in Fire Magic
 48893 | Swamp:4  | Noticed Aizul
 49326 | Swamp:4  | Killed Aizul
 49326 | Swamp:4  | Reached skill level 17 in Air Magic
 50370 | Swamp:4  | Reached skill level 8 in Axes
 50378 | Swamp:4  | Got a steaming robe
 50510 | Swamp:4  | Got a decaying rune of Zot
 50558 | Swamp:4  | HP: 21/112 [hornet[a shambling mangrove] (12)]
 51142 | Snake:4  | Entered Level 4 of the Snake Pit
 51358 | Snake:4  | Found Diwareto's Distillery.
 51500 | Snake:4  | Reached XP level 19. HP: 82/117 MP: 25/36
 51590 | Snake:4  | Found Zoafeuz's Food Boutique.
 51600 | Snake:4  | Reached skill level 17 in Conjurations
 51729 | Snake:4  | Found Bigilich's Magic Scroll Shoppe.
 51749 | Snake:4  | Found a runed translucent gate.
 51749 | Snake:4  | Found a runed translucent gate.
 51749 | Snake:4  | Found a runed translucent gate.
 51749 | Snake:4  | Noticed Ukkirph's ghost (journeyman FeAr)
 51749 | Snake:4  | Noticed Lufyqa Hiru's ghost (adept MfIE)
 51749 | Snake:4  | Noticed Xumikusu's ghost (adept MiBe)
 51763 | Snake:4  | Found Kelasm's Food Shoppe.
 51779 | Snake:4  | Noticed Agnes
 51783 | Snake:4  | Killed Agnes
 51801 | Snake:4  | Reached skill level 11 in Ice Magic
 51911 | Snake:4  | Noticed Vashnia
 51918 | Snake:4  | Killed Vashnia
 51921 | Snake:4  | HP: 22/117 [ball lightning[the player character] (8)]
 51923 | Snake:4  | HP: 5/117 [naga sharpshooter/arrow[Vashnia] (14)]
 51995 | Snake:4  | HP: 16/118 [naga sharpshooter/bolt[Vashnia] (18)]
 51996 | Snake:4  | Shot with a bolt by a naga sharpshooter

Levels and vault maps discovered:
D:1:      saegor_arrival_simple_c, layout_rooms
D:2:      layout_loops_corners, first_ration
D:3:      cheibrodos_helix_gallery, layout_loops_ring, kennysheep_generic_room_4
D:4:      layout_basic, lemuel_coloured_pillars_altar,
          minmay_temple_entry_wispy, ebering_ghost_sewer_f,
          cheibrodos_sewer_entry_bend, columned_hall_lemuel,
          serial_bayou_pond_d, chequers_serial_rivers_small_a,
          nicolae_dithmenos_shadow_blocks, uniq_blork_the_orc, uniq_sigmund,
          uniq_grinder, uniq_natasha
D:5:      layout_gridville, uniq_menkaure
D:6:      layout_loops_cross, serial_shops, shop, kennysheep_mini,
          nicolae_ru_the_path_less_chosen
D:7:      layout_basic
D:8:      layout_basic, dpeg_oklobed_lair, serial_shops, nicolae_shop_crystal,
          gammafunk_ghost_smash, kennysheep_generic_room_11
D:9:      layout_small_grid, serial_shops, shop
D:10:     layout_roguey, uniq_grum
D:11:     layout_long_grid, grunt_ogre_cave
D:12:     layout_long_grid, enter_bailey_3, serial_shops,
          nicolae_shop_statue_plus, shop, shop_fountains, nicolae_shop_stone,
          shop
D:13:     layout_cave_pods, grunt_vaults_entry_tiered, serial_shops,
          nicolae_shop_crystal, portal_ice_cave_demonic_guard
D:14:     layout_long_grid, hangedman_decor_peaks_small,
          chequers_serial_rivers_room_b
D:15:     gammafunk_depths_entry_grave, layout_loops_ring, minivault_25,
          serial_shops, shop, uniq_nessos
Temple:   nicolae_temple_the_god_donut
Lair:1:   minmay_lair_venomous_thicket, layout_loops_ring, grunt_megastairs_2
Lair:2:   statuecave_lemuel, layout_misc_corridors, guppyfry_snake_entry_garden,
          grunt_megastairs_5, lemuel_fruit_fields
Lair:3:   layout_long_grid, special_room [special_room_bee],
          minmay_lair_oklob_chamber, uniq_sonja, uniq_urug, uniq_fannar
Lair:4:   layout_loops_ring, swamp_mist, ebering_ghost_disaster_area,
          serial_bayou_pond_d, st_stairs_6, cheibrodos_lair_lostbears,
          serial_bayou_shore_a, grunt_megastairs_3
Lair:5:   layout_concentric_octagons, slime_altar_1, nicolae_lair_yak_garden,
          lemuel_fruit_fields
Lair:6:   hangedman_lair_tendril_chambers, layout_cave_shapes,
          nicolae_volcano_entry_batcave, lemuel_fruit_fields, lemuel_fruit_tree
Swamp:1:  layout_basic_swamp, evilmike_swamp_ruin_house_4, lemuel_altar_in_water
Swamp:2:  layout_falls_marsh, infiniplex_staircase_pool
Swamp:3:  layout_falls_marsh, evilmike_swamp_ruin_rubble_2, uniq_jorgrun
Swamp:4:  swamp_alternative, layout_basic_swamp, swamp_pool4, worms_lemuel,
          uniq_aizul
Snake:1:  layout_basic, serial_bayou_shore_b
Snake:2:  gammafunk_the_bubble [the_bubble_gammafunk_roulette],
          layout_misc_corridors, serial_bayou_pond_e, nicolae_snake_lava_pool,
          uniq_donald, uniq_azrael
Snake:3:  layout_cave_shapes
Snake:4:  snake_pit, layout_rooms, serial_shops, shop_fountains, shop, shop,
          nicolae_shop_competitors_out_of_business, nicolae_shop_crystal,
          gammafunk_ghost_cemetery, grunt_ministairs_15,
          nrook_guardian_serpent_double, uniq_agnes, uniq_vashnia
Orc:1:    layout_caves, serial_shops, nicolae_shop_crystal, basic_altar,
          uniq_gastronok
Orc:2:    grunt_orc_cross, layout_caves, nicolae_orc_bridge_out
Sewer:    kennysheep_sewer_church
IceCv:    ice_cave_caverns_01

Skill      XL: |  1  2  3  4  5  6  7  8  9 10 11 12 13 14 15 16 17 18 19 |
---------------+----------------------------------------------------------+-----
Conjurations   | 2 3 4 5 7 8 9 10 11 12 13 14 15 16 17 | 17.1
Air Magic      | 5 6 7 8 9 10 11 12 13 14 15 16 17 | 17.4
Shields        | 1 2 3 4 |  4.0
Spellcasting   | 3 4 5 6 7 8 9 10 11 12 | 12.9
Armour         | 2 4 5 6 7 |  7.0
Fire Magic     | 2 4 5 6 8 9 10 11 12 13 | 13.5
Evocations     | 1 3 4 5 |  5.0
Fighting       | 1 3 5 6 7 8 9 10 11 12 | 12.6
Dodging        | 3 4 5 6 7 |  7.0
Axes           | 2 4 5 6 8 |  8.6
Ice Magic      | 2 4 5 6 8 9 10 11 | 11.0
Stealth        | |  2.0

Action                   |  1- 3 |  4- 6 |  7- 9 | 10-12 | 13-15 | 16-18 | 19-21 || total
-------------------------+-------+-------+-------+-------+-------+-------+-------++-------
Melee: Dagger            |    11 |       |       |       |       |       |       ||    11
       Peck              |     3 |    10 |     7 |    27 |    74 |    84 |     4 ||   209
       Mace              |    10 |    58 |    43 |    50 |       |       |       ||   161
       Kick              |     1 |     8 |    10 |    44 |   154 |   115 |     7 ||   339
       Hand axe          |       |       |       |    89 |   375 |    43 |       ||   507
       Broad axe         |       |       |       |       |       |   286 |    19 ||   305
 Cast: Shock             |    75 |    98 |   347 |   549 |   103 |       |       ||  1172
       Airstrike         |       |       |    14 |    61 |    78 |    11 |     1 ||   165
       Lightning Bolt    |       |       |     3 |    56 |    96 |    36 |       ||   191
       Static Discharge  |       |       |       |     5 |       |       |       ||     5
       Freezing Cloud    |       |       |       |     2 |    35 |    38 |     5 ||    80
       Ignite Poison     |       |       |       |     1 |       |       |       ||     1
       Bolt of Fire      |       |       |       |       |    25 |    60 |     2 ||    87
       Conjure Ball Ligh |       |       |       |       |   100 |    48 |     2 ||   150
       Orb of Destructio |       |       |       |       |       |   215 |     9 ||   224
 Abil: Fly               |       |     1 |       |       |       |       |       ||     1
Evoke: Lightning rod     |       |       |       |     2 |       |       |       ||     2
       Wand              |       |       |       |     1 |       |     9 |       ||    10
       Sack of spiders   |       |       |       |       |       |       |     1 ||     1
  Use: Scroll            |       |    14 |     9 |    12 |    13 |    20 |       ||    68
       Potion            |       |     1 |     4 |     1 |       |     1 |     2 ||     9
 Stab: Sleeping          |       |     2 |       |     1 |     2 |     5 |       ||    10
       Distracted        |       |       |       |       |     1 |     1 |     1 ||     3
  Eat: Chunk             |     4 |     3 |    13 |    41 |    98 |   108 |       ||   267
       Ration            |       |     1 |     3 |     3 |     8 |    20 |     2 ||    37
Armor: Robe              |     7 |       |       |       |       |       |       ||     7
       Leather armour    |    12 |    37 |    16 |       |       |       |       ||    65
       Skin              |       |       |    11 |       |       |       |       ||    11
       Ring mail         |       |       |    44 |   188 |   190 |   239 |     5 ||   666
Dodge: Dodged            |    31 |    72 |   101 |   306 |   407 |   444 |    19 ||  1380
Block: Buckler           |     5 |    28 |    36 |   118 |   187 |   185 |    13 ||   572

Table legend:
 A = Non-vault XP
 B = Vault XP
 C = Vault XP percentage of total XP
 D = Non-vault monster count
 E = Vault monster count
 F = Vault count percentage of total count
                 A         B        C        D         E       F
            +---------+---------+-------+---------+---------+-------
      Total |  219152 |  115437 |  34.5 |     772 |     358 |  31.7
            +---------+---------+-------+---------+---------+-------
        D:1 |      25 |       0 |   0.0 |      14 |       0 |   0.0
        D:2 |      40 |       0 |   0.0 |      17 |       0 |   0.0
        D:3 |      94 |       7 |   6.9 |      22 |       2 |   8.3
        D:4 |     362 |     417 |  53.5 |      16 |       4 |  20.0
        D:5 |     587 |     169 |  22.4 |      12 |       1 |   7.7
        D:6 |    1288 |       0 |   0.0 |      34 |       0 |   0.0
        D:7 |     729 |       0 |   0.0 |      22 |       0 |   0.0
        D:8 |    2136 |     127 |   5.6 |      30 |       1 |   3.2
        D:9 |    2614 |       0 |   0.0 |      32 |       0 |   0.0
       D:10 |    2532 |     658 |  20.6 |      37 |       5 |  11.9
       D:11 |    2193 |     435 |  16.6 |      15 |       1 |   6.2
       D:12 |   11599 |       7 |   0.1 |      44 |       4 |   8.3
       D:13 |    5458 |    8221 |  60.1 |      17 |      27 |  61.4
       D:14 |    7414 |       0 |   0.0 |      21 |       0 |   0.0
       D:15 |   23902 |    6051 |  20.2 |      42 |       9 |  17.6
     Lair:1 |    3883 |     822 |  17.5 |      11 |      10 |  47.6
     Lair:2 |    6890 |    1399 |  16.9 |      34 |       7 |  17.1
     Lair:3 |    3293 |    6549 |  66.5 |      18 |      28 |  60.9
     Lair:4 |    1754 |    5499 |  75.8 |       9 |      13 |  59.1
     Lair:5 |    8020 |    1130 |  12.3 |      24 |       4 |  14.3
     Lair:6 |   14467 |    9855 |  40.5 |      41 |      36 |  46.8
    Swamp:1 |   15657 |       0 |   0.0 |      29 |       0 |   0.0
    Swamp:2 |   20561 |       0 |   0.0 |      45 |       0 |   0.0
    Swamp:3 |    8997 |    9567 |  51.5 |      16 |       7 |  30.4
    Swamp:4 |   17044 |   20985 |  55.2 |      33 |      40 |  54.8
    Snake:1 |    9528 |     452 |   4.5 |      22 |       1 |   4.3
    Snake:2 |   15270 |    4902 |  24.3 |      33 |      17 |  34.0
    Snake:3 |   15018 |       0 |   0.0 |      26 |       0 |   0.0
    Snake:4 |   12700 |   12697 |  50.0 |      22 |      12 |  35.3
      Orc:1 |     890 |    2369 |  72.7 |      12 |       1 |   7.7
      Orc:2 |    4207 |    8050 |  65.7 |      22 |      39 |  63.9
      Sewer |       0 |     484 | 100.0 |       0 |      34 | 100.0
      IceCv |       0 |   14585 | 100.0 |       0 |      55 | 100.0
            +---------+---------+-------+---------+---------+-------

Levels and vault maps discovered:
D:1:      saegor_arrival_simple_c, layout_rooms
D:2:      layout_loops_corners, first_ration
D:3:      cheibrodos_helix_gallery, layout_loops_ring, kennysheep_generic_room_4
D:4:      layout_basic, lemuel_coloured_pillars_altar,
          minmay_temple_entry_wispy, ebering_ghost_sewer_f,
          cheibrodos_sewer_entry_bend, columned_hall_lemuel,
          serial_bayou_pond_d, chequers_serial_rivers_small_a,
          nicolae_dithmenos_shadow_blocks, uniq_blork_the_orc, uniq_sigmund,
          uniq_grinder, uniq_natasha
D:5:      layout_gridville, uniq_menkaure
D:6:      layout_loops_cross, serial_shops, shop, kennysheep_mini,
          nicolae_ru_the_path_less_chosen
D:7:      layout_basic
D:8:      layout_basic, dpeg_oklobed_lair, serial_shops, nicolae_shop_crystal,
          gammafunk_ghost_smash, kennysheep_generic_room_11
D:9:      layout_small_grid, serial_shops, shop
D:10:     layout_roguey, uniq_grum
D:11:     layout_long_grid, grunt_ogre_cave
D:12:     layout_long_grid, enter_bailey_3, serial_shops,
          nicolae_shop_statue_plus, shop, shop_fountains, nicolae_shop_stone,
          shop
D:13:     layout_cave_pods, grunt_vaults_entry_tiered, serial_shops,
          nicolae_shop_crystal, portal_ice_cave_demonic_guard
D:14:     layout_long_grid, hangedman_decor_peaks_small,
          chequers_serial_rivers_room_b
D:15:     gammafunk_depths_entry_grave, layout_loops_ring, minivault_25,
          serial_shops, shop, uniq_nessos
Temple:   nicolae_temple_the_god_donut
Lair:1:   minmay_lair_venomous_thicket, layout_loops_ring, grunt_megastairs_2
Lair:2:   statuecave_lemuel, layout_misc_corridors, guppyfry_snake_entry_garden,
          grunt_megastairs_5, lemuel_fruit_fields
Lair:3:   layout_long_grid, special_room [special_room_bee],
          minmay_lair_oklob_chamber, uniq_sonja, uniq_urug, uniq_fannar
Lair:4:   layout_loops_ring, swamp_mist, ebering_ghost_disaster_area,
          serial_bayou_pond_d, st_stairs_6, cheibrodos_lair_lostbears,
          serial_bayou_shore_a, grunt_megastairs_3
Lair:5:   layout_concentric_octagons, slime_altar_1, nicolae_lair_yak_garden,
          lemuel_fruit_fields
Lair:6:   hangedman_lair_tendril_chambers, layout_cave_shapes,
          nicolae_volcano_entry_batcave, lemuel_fruit_fields, lemuel_fruit_tree
Swamp:1:  layout_basic_swamp, evilmike_swamp_ruin_house_4, lemuel_altar_in_water
Swamp:2:  layout_falls_marsh, infiniplex_staircase_pool
Swamp:3:  layout_falls_marsh, evilmike_swamp_ruin_rubble_2, uniq_jorgrun
Swamp:4:  swamp_alternative, layout_basic_swamp, swamp_pool4, worms_lemuel,
          uniq_aizul
Snake:1:  layout_basic, serial_bayou_shore_b
Snake:2:  gammafunk_the_bubble [the_bubble_gammafunk_roulette],
          layout_misc_corridors, serial_bayou_pond_e, nicolae_snake_lava_pool,
          uniq_donald, uniq_azrael
Snake:3:  layout_cave_shapes
Snake:4:  snake_pit, layout_rooms, serial_shops, shop_fountains, shop, shop,
          nicolae_shop_competitors_out_of_business, nicolae_shop_crystal,
          gammafunk_ghost_cemetery, grunt_ministairs_15,
          nrook_guardian_serpent_double, uniq_agnes, uniq_vashnia
Orc:1:    layout_caves, serial_shops, nicolae_shop_crystal, basic_altar,
          uniq_gastronok
Orc:2:    grunt_orc_cross, layout_caves, nicolae_orc_bridge_out
Sewer:    kennysheep_sewer_church
IceCv:    ice_cave_caverns_01

Table legend:
 A = Turns spent in this place as a percentage of turns spent in the entire game.
 B = Non-inter-level travel turns spent in this place as a percentage of non-inter-level travel turns spent in the entire game.
 C = Inter-level travel turns spent in this place as a percentage of turns spent in this place.
 D = Turns resting spent in this place as a percentage of non-inter-level travel turns spent in this place.
 E = Turns spent auto-exploring this place as a percentage of non-inter-level travel turns spent in this place.
 F = Non-inter-level travel turns spent in this place divided by the number of levels of this place that you've seen.
                   A       B       C       D       E      F
               +-------+-------+-------+-------+-------+----------------------
         Total | 100.0 | 100.0 |   7.6 |  32.5 |  51.2 | 1412.5
       Dungeon |  40.9 |  39.8 |   9.9 |  19.3 |  64.3 | 1275.7
        Temple |   0.2 |   0.0 |  97.0 |   0.0 |   0.0 |   3.0
          Lair |  24.4 |  24.2 |   8.3 |  43.6 |  42.5 | 1936.8
         Swamp |  15.7 |  16.2 |   4.3 |  47.1 |  38.6 | 1949.0
     Snake Pit |   9.8 |  10.1 |   4.2 |  26.5 |  54.9 | 1217.8
  Orcish Mines |   4.2 |   4.2 |   6.6 |  32.8 |  46.4 | 1007.5
         Sewer |   2.1 |   2.2 |   0.0 |  54.3 |  22.7 | 1069.0
      Ice Cave |   2.9 |   3.2 |   0.0 |  44.9 |  30.9 | 1515.0
               +-------+-------+-------+-------+-------+----------------------

Table legend:
 A = Kills in this place as a percentage of kills in entire the game.
 B = Kills by you in this place as a percentage of kills by you in the entire game.
 C = Kills by friends in this place as a percentage of kills by friends in the entire game.
 D = Other kills in this place as a percentage of other kills in the entire game.
 E = Experience gained in this place as a percentage of experience gained in the entire game.
 F = Experience gained in this place divided by the number of levels of this place that you have seen.
                   A       B       C       D       E      F
               +-------+-------+-------+-------+-------+----------------------
         Total | 100.0 | 100.0 |   N/A | 100.0 | 100.0 | 9840.9
       Dungeon |  38.0 |  37.9 |   N/A | 100.0 |  23.0 | 5137.7
          Lair |  20.8 |  20.8 |   N/A |   0.0 |  19.0 | 10593.5
         Swamp |  15.0 |  15.1 |   N/A |   0.0 |  27.7 | 23202.8
     Snake Pit |  11.8 |  11.8 |   N/A |   0.0 |  21.1 | 17641.8
  Orcish Mines |   6.5 |   6.6 |   N/A |   0.0 |   4.6 | 7758.0
         Sewer |   3.0 |   3.0 |   N/A |   0.0 |   0.1 | 484.0
      Ice Cave |   4.9 |   4.9 |   N/A |   0.0 |   4.4 | 14585.0
               +-------+-------+-------+-------+-------+----------------------
